NCAA
TEXAS TECH RED RAIDERS @ PENN STATE NITTANY LIONS
04/27/2030
 
TOP OF THE 1ST
Texas Tech Red Raiders batting - Pitching for Penn State Nittany Lions : LHP Will Hurt
Pitching: LHP Will Hurt
Batting: RHB Terrence Schneider 0-0: Called Strike
0-1: Bunted foul
0-2: Ball
1-2: Ball
2-2: Strikes out swinging
Batting: RHB Alexander McMillan 0-0: Called Strike
0-1: Fly out, F3 (Popup, 3S)
Batting: LHB Marshall Dunn 0-0: Called Strike
0-1: Ball
1-1: Swinging Strike
1-2: Foul Ball, location: 2F
1-2: Ball
2-2: SINGLE (Groundball, 34D)
Batting: SHB Manuel Hernández 0-0: Ball
1-0: Ball
2-0: Ball
3-0: Base on Balls
Marshall Dunn to second
Batting: RHB Bobby Santiago 0-0: Ball
1-0: Foul Ball, location: 2F
1-1: Ball
2-1: Ball
3-1: Fielders Choice at 2nd, 5-4 (Groundball, 5L)
Top of the 1st over - 0 runs, 1 hit, 0 errors, 2 left on base; Texas Tech 0 - Penn State 0
BOTTOM OF THE 1ST
Penn State Nittany Lions batting - Pitching for Texas Tech Red Raiders : RHP Ismael Cantú
Pitching: RHP Ismael Cantú
Batting: RHB Greg Coleman 0-0: Ball
1-0: Ball
2-0: Called Strike
2-1: Ball
3-1: Base on Balls
Batting: SHB Craig Young 0-0: Swinging Strike
0-1: Called Strike
0-2: Foul Ball, location: 2F
0-2: Ball
1-2: Foul Ball, location: 2F
1-2: Strikes out looking
Batting: RHB Jeffrey Ball 0-0: Swinging Strike
0-1: Ball
1-1: Fielders Choice at 2nd, 6-4 (Groundball, 6)
Batting: RHB Lee Cummings 0-0: Ball
1-0: Swinging Strike
1-1: Fielders Choice at 2nd, 5-4 (Groundball, 56)
Bottom of the 1st over - 0 runs, 0 hits, 0 errors, 1 left on base; Texas Tech 0 - Penn State 0
TOP OF THE 2ND
Texas Tech Red Raiders batting - Pitching for Penn State Nittany Lions : LHP Will Hurt
Batting: SHB Lee Oliver 0-0: Swinging Strike
0-1: Ball
1-1: Ball
2-1: Called Strike
2-2: Foul Ball, location: 2F
2-2: Ball
3-2: Foul Ball, location: 2F
3-2: Foul Ball, location: 2F
3-2: Foul Ball, location: 2F
3-2: Base on Balls
Batting: RHB Lorenzo Hernández 0-0: Called Strike
0-1: Ball
1-1: Fly out, F8 (Flyball, 78M)
Batting: RHB Zander von Strantz 0-0: Ball
1-0: Swinging Strike
1-1: Foul Ball, location: 2F
1-2: Foul Ball, location: 2F
1-2: Foul Ball, location: 2F
1-2: Strikes out swinging
Batting: RHB Johnathan Williams 0-0: Called Strike
0-1: Ball
1-1: Fly out, F9 (Line Drive, 9LD)
Top of the 2nd over - 0 runs, 0 hits, 0 errors, 1 left on base; Texas Tech 0 - Penn State 0
BOTTOM OF THE 2ND
Penn State Nittany Lions batting - Pitching for Texas Tech Red Raiders : RHP Ismael Cantú
Batting: LHB Damian West 0-0: Called Strike
0-1: Called Strike
0-2: Ball
1-2: Ground out 5-3 (Groundball, 56)
Batting: RHB Harlan Hughes 0-0: Fly out, F7 (Flyball, 7)
Batting: RHB Francisco Alvarado 0-0: Ball
1-0: Called Strike
1-1: Swinging Strike
1-2: Foul Ball, location: 2F
1-2: Strikes out swinging
Bottom of the 2nd over - 0 runs, 0 hits, 0 errors, 0 left on base; Texas Tech 0 - Penn State 0
TOP OF THE 3RD
Texas Tech Red Raiders batting - Pitching for Penn State Nittany Lions : LHP Will Hurt
Batting: RHB Terrence Schneider 0-0: Ball
1-0: Called Strike
1-1: Called Strike
1-2: Ball
2-2: Ball
3-2: Base on Balls
Batting: RHB Alexander McMillan 0-0: Ball
1-0: Foul Ball, location: 2F
1-1: Swinging Strike
1-2: Strikes out swinging
Terrence Schneider is caught stealing 2nd base
Batter strikes out.
Batting: LHB Marshall Dunn 0-0: Ball
1-0: Ball
2-0: Called Strike
2-1: SINGLE (Line Drive, 4MD)
Batting: SHB Manuel Hernández 0-0: Called Strike
0-1: Swinging Strike
0-2: Ball
1-2: Foul Ball, location: 2F
1-2: Ball
2-2: Strikes out swinging
Top of the 3rd over - 0 runs, 1 hit, 0 errors, 1 left on base; Texas Tech 0 - Penn State 0
BOTTOM OF THE 3RD
Penn State Nittany Lions batting - Pitching for Texas Tech Red Raiders : RHP Ismael Cantú
Batting: RHB Eric Gordon 0-0: Ball
1-0: Ball
2-0: Foul Ball, location: 2F
2-1: SINGLE (Line Drive, 8RS)
Batting: RHB Tom Oglethorpe 0-0: Ball
1-0: Foul Ball, location: 2F
1-1: Ball
2-1: Swinging Strike
2-2: Grounds into double play, 6-4-3 (Groundball, 6)
Batting: RHB Greg Coleman 0-0: Ball
1-0: Reached on error, E4 (Groundball, 4)
Batting: SHB Craig Young 0-0: Called Strike
0-1: Foul Ball, location: 2F
0-2: Ball
1-2: Foul Ball, location: 2F
1-2: Ground out 4-3 (Groundball, 4)
Bottom of the 3rd over - 0 runs, 1 hit, 1 error, 1 left on base; Texas Tech 0 - Penn State 0
TOP OF THE 4TH
Texas Tech Red Raiders batting - Pitching for Penn State Nittany Lions : LHP Will Hurt
Batting: RHB Bobby Santiago 0-0: Ball
1-0: Ball
2-0: Ground out 4-3 (Groundball, 4)
Batting: SHB Lee Oliver 0-0: Called Strike
0-1: Ball
1-1: Swinging Strike
1-2: Ball
2-2: Ball
3-2: Base on Balls
Batting: RHB Lorenzo Hernández 0-0: Ball
1-0: Fly out, F5 (Flyball, 5D)
Batting: RHB Zander von Strantz 0-0: Called Strike
0-1: Foul Ball, location: 2F
0-2: Strikes out looking
Top of the 4th over - 0 runs, 0 hits, 0 errors, 1 left on base; Texas Tech 0 - Penn State 0
BOTTOM OF THE 4TH
Penn State Nittany Lions batting - Pitching for Texas Tech Red Raiders : RHP Ismael Cantú
Batting: RHB Jeffrey Ball 0-0: Called Strike
0-1: Foul Ball, location: 2F
0-2: Strikes out looking
Batting: RHB Lee Cummings 0-0: Fly out, F8 (Flyball, 8RS)
Batting: LHB Damian West 0-0: Called Strike
0-1: Ball
1-1: Ground out 4-3 (Groundball, 4)
Bottom of the 4th over - 0 runs, 0 hits, 0 errors, 0 left on base; Texas Tech 0 - Penn State 0
TOP OF THE 5TH
Texas Tech Red Raiders batting - Pitching for Penn State Nittany Lions : LHP Will Hurt
Batting: RHB Johnathan Williams 0-0: Called Strike
0-1: Ball
1-1: Called Strike
1-2: Ball
2-2: Ball
3-2: Base on Balls
Pitching: RHP Jake Beck
Batting: RHB Terrence Schneider 0-0: Ball
1-0: Ball
2-0: Fly out, F6 (Flyball, 56D)
Batting: RHB Alexander McMillan 0-0: Fly out, F7 (Flyball, 78D)
Batting: LHB Marshall Dunn 0-0: DOUBLE (Flyball, 8RD)
Johnathan Williams to third
Batting: SHB Manuel Hernández 0-0: Called Strike
0-1: Ball
1-1: Ball
2-1: Foul Ball, location: 2F
2-2: Strikes out looking
Top of the 5th over - 0 runs, 1 hit, 0 errors, 2 left on base; Texas Tech 0 - Penn State 0
BOTTOM OF THE 5TH
Penn State Nittany Lions batting - Pitching for Texas Tech Red Raiders : RHP Ismael Cantú
Batting: RHB Harlan Hughes 0-0: Fly out, F9 (Flyball, 89D)
Batting: RHB Francisco Alvarado 0-0: Ball
1-0: Called Strike
1-1: Foul Ball, location: 2F
1-2: Fly out, F9 (Flyball, 9LS)
Batting: RHB Eric Gordon 0-0: SINGLE (Flyball, 78M)
Batting: RHB Tom Oglethorpe 0-0: Ball
1-0: Called Strike
1-1: Ball
2-1: Called Strike
2-2: Fly out, F9 (Flyball, 9LS)
Bottom of the 5th over - 0 runs, 1 hit, 0 errors, 1 left on base; Texas Tech 0 - Penn State 0
TOP OF THE 6TH
Texas Tech Red Raiders batting - Pitching for Penn State Nittany Lions : RHP Jake Beck
Batting: RHB Bobby Santiago 0-0: Called Strike
0-1: Swinging Strike
0-2: Ball
1-2: Ball
2-2: Foul Ball, location: 2F
2-2: Ball
3-2: Foul Ball, location: 2F
3-2: Base on Balls
Batting: SHB Lee Oliver 0-0: Called Strike
0-1: Ball
1-1: Foul Ball, location: 2F
1-2: Grounds into double play, 6-4-3 (Groundball, 6)
Batting: RHB Lorenzo Hernández 0-0: Called Strike
0-1: Ball
1-1: Swinging Strike
1-2: Ball
2-2: Ball
3-2: SINGLE (Line Drive, 4M)
Batting: RHB Zander von Strantz 0-0: Ball
1-0: Ground out 6-3 (Groundball, 6S)
Top of the 6th over - 0 runs, 1 hit, 0 errors, 1 left on base; Texas Tech 0 - Penn State 0
BOTTOM OF THE 6TH
Penn State Nittany Lions batting - Pitching for Texas Tech Red Raiders : RHP Ismael Cantú
Batting: RHB Greg Coleman 0-0: Ball
1-0: Ball
2-0: Called Strike
2-1: Foul Ball, location: 2F
2-2: TRIPLE (Flyball, 78XD)
Batting: SHB Craig Young 0-0: Ball
Squeeze bunt is on, Greg Coleman is out
1-1: Ground out 5-3 (Groundball, 5)
Batting: RHB Jeffrey Ball 0-0: Called Strike
0-1: Swinging Strike
0-2: SINGLE (Flyball, 89M)
Batting: RHB Lee Cummings 0-0: Called Strike
Jeffrey Ball steals 2nd base
0-1: Ground out 5-3 (Groundball, 56)
Bottom of the 6th over - 0 runs, 2 hits, 0 errors, 1 left on base; Texas Tech 0 - Penn State 0
TOP OF THE 7TH
Texas Tech Red Raiders batting - Pitching for Penn State Nittany Lions : RHP Jake Beck
Batting: RHB Johnathan Williams 0-0: Ball
1-0: SINGLE (Groundball, 6MD)
Batting: RHB Terrence Schneider 0-0: Sac Bunt - play at first, batter OUT! 1-4
Johnathan Williams to second
Batting: RHB Alexander McMillan 0-0: Ball
1-0: Foul Ball, location: 2F
1-1: Swinging Strike
1-2: Ball
2-2: Ball
3-2: Foul Ball, location: 2F
3-2: Base on Balls
Pitching: LHP Chris Smith
Batting: LHB Marshall Dunn 0-0: Ball
1-0: Ball
2-0: Ball
3-0: Called Strike
3-1: Swinging Strike
3-2: Foul Ball, location: 2F
3-2: Base on Balls
Johnathan Williams to third
Alexander McMillan to second
Pitching: LHP Ryan Roach
Pinch Hitting: RHB Júlio Gómez 0-0: Ball
1-0: Called Strike
1-1: Ball
Wild Pitch!
Johnathan Williams scores
Alexander McMillan to third
Marshall Dunn to second
2-1: Foul Ball, location: 2F
2-2: Ball
3-2: Base on Balls
Batting: RHB Bobby Santiago 0-0: Called Strike
0-1: Ball
1-1: Called Strike
1-2: Foul Ball, location: 2F
1-2: Ball
2-2: Strikes out swinging
Batting: SHB Lee Oliver 0-0: Ball
1-0: Swinging Strike
1-1: Swinging Strike
1-2: Foul Ball, location: 2F
1-2: Foul Ball, location: 2F
1-2: Strikes out swinging
Top of the 7th over - 1 run, 1 hit, 0 errors, 3 left on base; Texas Tech 1 - Penn State 0
BOTTOM OF THE 7TH
Penn State Nittany Lions batting - Pitching for Texas Tech Red Raiders : RHP Ismael Cantú
Now at 1B: Júlio Gómez
Batting: LHB Damian West 0-0: Ball
1-0: Ball
2-0: Ball
3-0: Base on Balls
Batting: RHB Harlan Hughes 0-0: Foul Ball, location: 2F
0-1: Fly out, F8 (Flyball, 8LD)
Pitching: RHP Jonathan Kelley
Batting: RHB Francisco Alvarado 0-0: Called Strike
0-1: Called Strike
0-2: Ball
1-2: Fly out, F7 (Flyball, 7S)
Batting: RHB Eric Gordon 0-0: Called Strike
0-1: Ground out 4-3 (Groundball, 34)
Bottom of the 7th over - 0 runs, 0 hits, 0 errors, 1 left on base; Texas Tech 1 - Penn State 0
TOP OF THE 8TH
Texas Tech Red Raiders batting - Pitching for Penn State Nittany Lions : LHP Ryan Roach
Batting: RHB Lorenzo Hernández 0-0: Ground out 6-3 (Groundball, 6)
Batting: RHB Zander von Strantz 0-0: Called Strike
0-1: Called Strike
0-2: Ball
1-2: Strikes out swinging
Batting: RHB Johnathan Williams 0-0: Ball
1-0: Ball
2-0: Swinging Strike
2-1: Foul Ball, location: 2F
2-2: Foul Ball, location: 2F
2-2: Strikes out looking
Top of the 8th over - 0 runs, 0 hits, 0 errors, 0 left on base; Texas Tech 1 - Penn State 0
BOTTOM OF THE 8TH
Penn State Nittany Lions batting - Pitching for Texas Tech Red Raiders : RHP Jonathan Kelley
Batting: RHB Tom Oglethorpe 0-0: Fly out, F8 (Flyball, 8LM)
Batting: RHB Greg Coleman 0-0: Swinging Strike
0-1: Called Strike
0-2: SINGLE (Line Drive, 8LS)
Batting: SHB Craig Young 0-0: Ball
1-0: Called Strike
1-1: Swinging Strike
1-2: Strikes out looking
Batting: RHB Jeffrey Ball 0-0: Called Strike
0-1: Swinging Strike
0-2: Ball
1-2: Strikes out swinging
Bottom of the 8th over - 0 runs, 1 hit, 0 errors, 1 left on base; Texas Tech 1 - Penn State 0
TOP OF THE 9TH
Texas Tech Red Raiders batting - Pitching for Penn State Nittany Lions : LHP Ryan Roach
Pitching: RHP Cullen Rivera
Batting: RHB Terrence Schneider 0-0: SINGLE (Groundball, 56D)
Batting: RHB Alexander McMillan 0-0: Ball
Wild Pitch!
Terrence Schneider to second
1-0: Ball
Passed Ball!
Terrence Schneider to third
2-0: Called Strike
2-1: Foul Ball, location: 2F
2-2: Ball
3-2: Ground out 6-3 (Groundball, 56)
Batting: LHB Marshall Dunn 0-0: Intentional Walk
Batting: RHB Júlio Gómez 0-0: Called Strike
0-1: Foul Ball, location: 2F
0-2: Ball
1-2: Ball
2-2: Ball
3-2: Strikes out looking
Batting: RHB Bobby Santiago 0-0: Called Strike
0-1: Foul Ball, location: 2F
0-2: Ball
1-2: Foul Ball, location: 2F
1-2: Ball
2-2: Ball
3-2: Strikes out swinging
Top of the 9th over - 0 runs, 1 hit, 0 errors, 2 left on base; Texas Tech 1 - Penn State 0
BOTTOM OF THE 9TH
Penn State Nittany Lions batting - Pitching for Texas Tech Red Raiders : RHP Jonathan Kelley
Pitching: RHP Arnie Zapata
Batting: RHB Lee Cummings 0-0: Called Strike
0-1: Foul Ball, location: 2F
0-2: Ball
1-2: Ball
2-2: SINGLE (Flyball, 89S)
Batting: LHB Damian West 0-0: Foul Ball, location: 2F
0-1: Ball
1-1: Swinging Strike
1-2: Strikes out swinging
Batting: RHB Harlan Hughes 0-0: Called Strike
0-1: Foul Ball, location: 2F
0-2: Strikes out looking
Batting: RHB Francisco Alvarado 0-0: Called Strike
0-1: Ball
1-1: Ball
2-1: Swinging Strike
2-2: Ball
3-2: Base on Balls
Lee Cummings to second
Batting: RHB Eric Gordon 0-0: Called Strike
0-1: Foul Ball, location: 2F
0-2: Ball
1-2: Hit by Pitch
Lee Cummings to third
Francisco Alvarado to second
Batting: RHB Tom Oglethorpe 0-0: Ground out 1-3 (Groundball, 13S)
Bottom of the 9th over - 0 runs, 1 hit, 0 errors, 3 left on base; Texas Tech 1 - Penn State 0
Saturday, April 7th, 2018 - OOTP Baseball 18.8 Build 76